AoeStats
← W1ldFyre

Black Forest

505069244Analyzed
3v3 RM · 25d ago on Sep 7, 2026· 59m 36s· 6 players
Game mode
Random Map
Map size
Normal (6 player)
Population
200
Speed
Normal
Resources
Standard
Victory
Conquest
Starting age
Dark Age
Ending age
Imperial Age
RankedLock teamsTeams togetherTeam positionsShared explorationLock speedFull tech treeHidden civsTurbo modeCheats
Victory
Defeat
🇦🇹 Persians · Austria
730
+17
🇨🇭 Cumans · Switzerland
727
+17
🇨🇭 Lithuanians · Switzerland
663
+21
🇮🇲 Celts · Isle of Man
771
-19
🇮🇲 Britons · Isle of Man
749
-18
🇬🇧 Vietnamese · United Kingdom
746
-18
30 sheeps
0:59 Loom
19:35 Feudal Age
23:46 Castle Age
24:13 Double-Bit Axe
24:19 Horse Collar
27:40 Bow Saw
29:04 Wheelbarrow
28:14 Town Watch
29:30 Heavy Plow
38:44 Imperial Age
36:30 Hand Cart
36:47 Town Patrol
36:53 Scale Barding Armor
36:39 Fletching
36:59 Forging
43:46 Two-Man Saw
46:43 Crop Rotation
47:00 Scale Barding Armor
46:51 Bodkin Arrow
46:55 Gold Mining
46:56 Stone Mining
47:56 Fervor
48:02 Block Printing
49:30 Capped Ram
51:20 Siege Ram
53:07 Gold Shaft Mining
53:07 Stone Shaft Mining
52:48 Masonry
53:40 Chemistry
52:36 Murder Holes
53:26 Caravan
53:37 Guilds
54:46 Architecture
54:00 Fishing Lines
54:31 Medium Warships
53:42 Demolition Ship
54:45 Chain Barding Armor
55:01 Iron Casting
54:26 Scale Mail Armor
56:15 Plate Barding Armor
55:41 Padded Archer Armor
55:33 Gillnets
56:09 Heavy Warships
55:04 Heavy Demolition Ship
55:05 Elite Cannon Galleon
55:57 Clinker Construction
55:58 Careening
56:03 Devotion
56:39 Theocracy
55:59 Herbal Medicine
55:54 Pikeman
55:55 Man-at-Arms
55:57 Cavalier
55:58 Light Cavalry
56:50 Bloodlines
56:41 Husbandry
57:43 Blast Furnace
56:58 Leather Archer Armor
56:47 Squires
56:33 Arson
56:40 Onager
56:40 Heavy Scorpion
57:44 Ballistics
57:15 Guard Tower
58:15 Coinage
58:38 Conscription
57:39 Elite War Elephant
58:55 Hoardings
58:21 Kamandaran
58:31 Citadels
57:54 Sappers
58:49 Carvel Hull
58:49 Ballistics
58:20 Heated Shot
58:36 Siphons
58:48 Chain Mail Armor
59:28 Dry Dock
60:09 Faith
59:26 Long Swordsman
Profis
11:19 Feudal Age
12:38 Horse Collar
12:45 Double-Bit Axe
15:21 Castle Age
26:09 Caravan
27:28 Loom
28:18 Wheelbarrow
27:29 Town Watch
27:46 Heavy Plow
28:41 Bow Saw
29:48 Gold Mining
29:48 Capped Ram
35:01 Imperial Age
32:46 Hand Cart
32:32 Town Patrol
32:27 Stone Mining
33:13 Gold Shaft Mining
33:33 Ballistics
33:23 Masonry
35:58 Scale Mail Armor
36:12 Forging
36:07 Scale Barding Armor
36:08 Cavalier
37:02 Bloodlines
37:32 Iron Casting
38:02 Chain Barding Armor
37:29 Paladin
39:25 Two-Man Saw
38:20 Siege Ram
41:24 Plate Barding Armor
41:50 Blast Furnace
42:24 Onager
43:51 Cuman Mercenaries
45:08 Guilds
46:20 Conscription
46:36 Hoardings
46:03 Steppe Husbandry
wat!
0:51 Loom
11:53 Feudal Age
15:48 Castle Age
14:22 Horse Collar
14:35 Double-Bit Axe
15:35 Gold Mining
16:57 Town Watch
20:57 Stone Mining
23:54 Heavy Plow
24:33 Caravan
26:12 Wheelbarrow
27:51 Fletching
28:12 Forging
28:19 Bow Saw
32:01 Imperial Age
30:23 Hill Forts
30:25 Bodkin Arrow
30:35 Scale Barding Armor
30:41 Forging
32:25 Chain Barding Armor
32:20 Bloodlines
32:11 Husbandry
33:33 Crop Rotation
34:05 Two-Man Saw
33:14 Cavalier
35:13 Fortified Wall
35:43 Plate Barding Armor
35:43 Iron Casting
35:09 Bracer
35:56 Conscription
35:11 Light Cavalry
35:54 Elite Leitis
36:55 Hand Cart
37:52 Hoardings
37:57 Paladin
38:59 Onager
39:55 Padded Archer Armor
40:09 Masonry
39:40 Treadmill Crane
41:01 Chemistry
39:58 Murder Holes
41:31 Tower Shields
40:56 Winged Hussar
41:58 Redemption
41:52 Devotion
42:29 Town Patrol
50:38 Capped Ram
50:41 Pikeman
51:21 Squires
51:06 Arson
50:42 Man-at-Arms
51:59 Coinage
51:40 Guilds
51:56 Faith
52:12 Theocracy
51:32 Herbal Medicine
52:02 Illumination
51:38 Atonement
51:48 Fervor
51:53 Block Printing
51:59 Sanctity
52:00 Heresy
51:42 Scale Mail Armor
51:57 Leather Archer Armor
52:22 Architecture
52:13 Ballistics
51:44 Guard Tower
52:14 Bombard Tower
52:05 Clinker Construction
52:05 Careening
51:46 Heated Shot
51:46 Halberdier
53:09 Stone Shaft Mining
53:13 Chain Mail Armor
52:29 Elite Cannon Galleon
52:30 Demolition Ship
53:20 Medium Warships
52:51 Fishing Lines
52:46 Heavy Cavalry Archer
52:46 Elite Skirmisher
52:47 Crossbowman
53:32 Thumb Ring
54:05 Ring Archer Armor
53:28 Long Swordsman
54:45 Banking
55:16 Keep
54:33 Two-Handed Swordsman
56:09 Heavy Warships
55:35 Gillnets
55:09 Champion
56:45 Carvel Hull
57:36 Dry Dock
57:16 Spies/Treason
W1ldFyre
4:31 Loom
11:45 Feudal Age
12:20 Double-Bit Axe
16:39 Gold Mining
18:20 Wheelbarrow
19:54 Horse Collar
23:17 Castle Age
23:05 Padded Archer Armor
26:45 Thumb Ring
27:20 Bow Saw
26:35 Elite Skirmisher
27:15 Fletching
29:16 Bodkin Arrow
30:09 Leather Archer Armor
34:17 Heavy Plow
34:14 Stone Mining
39:41 Imperial Age
36:54 Crossbowman
42:08 Ballistics
42:54 Chemistry
42:01 Murder Holes
42:39 Imperial Skirmisher
42:39 Arbalester
Razzuss
10:51 Feudal Age
12:16 Double-Bit Axe
12:13 Horse Collar
14:04 Loom
24:19 Castle Age
23:41 Gold Mining
25:27 Heavy Plow
25:42 Bow Saw
27:25 Gold Shaft Mining
27:48 Stone Mining
29:14 Wheelbarrow
30:36 Padded Archer Armor
30:30 Fletching
30:55 Caravan
31:27 Coinage
31:34 Leather Archer Armor
31:38 Crossbowman
31:39 Elite Skirmisher
33:46 Hand Cart
37:12 Imperial Age
40:13 Ring Archer Armor
39:39 Bodkin Arrow
41:34 Heavy Cavalry Archer
41:40 Arbalester
joklim
11:28 Feudal Age
12:17 Man-at-Arms
15:43 Wheelbarrow
15:59 Double-Bit Axe
23:42 Horse Collar
28:13 Castle Age
29:00 Forging
28:53 Scale Mail Armor
28:27 Long Swordsman
28:56 Gambesons
28:58 Arson
31:18 Fletching
32:07 Iron Casting
31:48 Chain Mail Armor
33:56 Fletching
43:31 Imperial Age
44:19 Hand Cart
44:27 Two-Handed Swordsman
46:11 Blast Furnace
45:42 Plate Mail Armor
45:53 Champion
Connection lost

Rejoining the realm…

Still unreachable

The connection could not be restored.

Session expired

The server has moved on; the page needs a fresh start.